 Dungeon Sprint DCSS version 0.20.1-1-g8b1a95d (webtiles) character file.

3483 wojtek the Severer (level 9, -6/93 HPs)
             Began as a Minotaur Berserker on Dec 28, 2017.
             Was a High Priest of Trog.
             Splashed by a jelly's acid (9 damage)
             ... in the Dungeon (Sprint I: "Red Sonja").
             The game lasted 00:03:42 (2001 turns).

wojtek the Severer (Minotaur Berserker)             Turns: 2001, Time: 00:03:43

Health: -6/93      AC: -11   Str: 26    XL:     9   Next: 79%
Magic:  8/8        EV: 12    Int:  4    God:    Trog [*****.]
Gold:   346        SH:  0    Dex:  9    Spells: 8/8 levels left

rFire    + . .     SeeInvis .   a - +0 hand axe
rCold    . . .     Gourm    .   (no shield)
rNeg     . . .     Faith    .   p - +3 scale mail {rF+}
rPois    .         Spirit   .   (helmet restricted)
rElec    .         Reflect  .   (no cloak)
rCorr    .         Harm     .   (no gloves)
MR       .....     NoTele   +   (no boots)
Stlth    ..........             l - amulet of magic regeneration
Regen    0.3/turn               (no ring)
MPRegen  0.2/turn               (no ring)

@: corroded, berserk cooldown, slowed, very slow
A: retaliatory headbutt, horns 2
a: Berserk, Trog's Hand, Brothers in Arms, Burn Spellbooks, Renounce Religion


You were in the Dungeon.
You worshipped Trog.
Trog was extremely pleased with you.
You were not hungry.

You visited 1 branch You collected 668 gold pieces.
You spent 322 gold pieces at shops.

Inventory:

Hand Weapons
 a - a +0 hand axe (weapon)
Armour
 p - a +3 scale mail of fire resistance (worn)
Jewellery
 l - an amulet of magic regeneration (around neck)
Wands
 j - a wand of polymorph (17/24)
Scrolls
 i - a scroll of blinking
Potions
 d - 2 potions of curing
 e - a potion of heal wounds
 f - a potion of haste
 g - 2 potions of magic
 h - a potion of berserk rage
 m - a potion of cancellation {unknown}
Comestibles
 c - a bread ration


   Skills:
 + Level 13.5 Fighting
 * Level 18.0 Axes
 + Level 13.3 Armour
 + Level 4.7 Dodging


You had 8 spell levels left.
You didn't know any spells.

Dungeon Overview and Level Annotations

Branches:
Dungeon (1/1)

Altars:
Cheibriados
Dithmenos
Elyvilon
Fedhas
Gozag
Hepliaklqana
Kikubaaqudgha
Makhleb
Nemelex Xobeh
Okawaru
Qazlal
Ru
Sif Muna
Trog
Uskayaw
Vehumet
Xom
Yredelemnul
Zin
The Shining One
Jiyva
Lugonu

Shops:
D ?[


Innate Abilities, Weirdness & Mutations

You reflexively headbutt those who attack you in melee.
You have a pair of horns on your head.


Message History

You are too injured to fight recklessly!
You are too injured to fight recklessly!
You hit the jelly but do no damage.
Your hands burn!
* * * LOW HITPOINT WARNING * * *
You headbutt the jelly.
You kill the jelly!
Trog accepts your kill.
Your Axes skill increases to level 18!
You feel a strong urge to attack something.
You feel your anger subside.
You are no longer berserk.
You are exhausted.
You feel yourself slow down.
The jelly jiggles.
There is an open door here.
You hit the jelly but do no damage. The acid corrodes you!
Your hands burn!
* * * LOW HITPOINT WARNING * * *
The jelly hits you.
* * * LOW HITPOINT WARNING * * *
The acid corrodes you!
You are splashed with acid!
The acid burns!
You die...

..#..'..#__#
..').#..'..+
#'#####'#__####
..#...#.####§.####
###..##(#§§§§.#..#
__##'#.))§§≈§.§..#
...'..._#≈§§.§#§§#
__##_.#'##§#####'###
__###+#.#)...###@J.#
### ####'###[###.#
+.....'.∩##§#
###########§# #.#
+.# ++######.#
......§#§# #§§#


You could see a jelly.

Vanquished Creatures
  2 centaur warriors (D)
  A deep troll (D)
  An oklob plant (D)
  A hornet (D)
  A slime creature (D)
  A yak (D)
  2 redbacks (D)
  Sigmund (D)
  A floating eye (D)
  An ogre (D)
  3 jellies (D)
  Ijyb (D)
16 creatures vanquished.

Vanquished Creatures (others)
  A gargoyle (D)
1 creature vanquished.

Grand Total: 17 creatures vanquished

Notes
Turn   | Place    | Note
-------+----------+-------------------------------------------
     0 | D        | wojtek the Minotaur Berserker began the quest for the Orb.
     0 | D        | Reached XP level 1. HP: 19/19 MP: 0/0
     1 | D        | Noticed Ijyb
     5 | D        | Killed Ijyb
     5 | D        | Reached skill level 5 in Fighting
     5 | D        | Reached skill level 6 in Axes
     5 | D        | Reached XP level 2. HP: 29/29 MP: 1/1
   267 | D        | Noticed an ogre
   274 | D        | Killed an ogre
   274 | D        | Reached skill level 8 in Axes
   274 | D        | Reached skill level 5 in Armour
   274 | D        | Reached XP level 3. HP: 12/38 MP: 2/2
   274 | D        | Reached XP level 4. HP: 15/45 MP: 3/3
   497 | D        | Noticed Sigmund
   502 | D        | Killed Sigmund
   502 | D        | Reached ** piety under Trog
   502 | D        | Reached skill level 10 in Axes
   502 | D        | Reached XP level 5. HP: 53/53 MP: 4/4
   518 | D        | Found a burning altar of Makhleb.
   518 | D        | Found a viscous altar of Jiyva.
   518 | D        | Found a shimmering altar of Xom.
   518 | D        | Found a corrupted altar of Lugonu.
   518 | D        | Noticed a slime creature
   528 | D        | Killed a slime creature
   528 | D        | Reached skill level 12 in Axes
   528 | D        | Reached XP level 6. HP: 31/64 MP: 5/5
   529 | D        | Found a deep blue altar of Sif Muna.
   531 | D        | Found a radiant altar of Vehumet.
   710 | D        | Found Gobbuboe's Magic Scroll Emporium.
   710 | D        | Found an ancient bone altar of Kikubaaqudgha.
   710 | D        | Found a hazy altar of Hepliaklqana.
   710 | D        | Found a stormy altar of Qazlal.
   710 | D        | Found a hide-covered altar of Uskayaw.
   710 | D        | Found a blossoming altar of Fedhas.
   710 | D        | Found a bloodstained altar of Trog.
   710 | D        | Found an iron altar of Okawaru.
   710 | D        | Found a basalt altar of Yredelemnul.
   710 | D        | Found a glowing golden altar of the Shining One.
   710 | D        | Found a snail-covered altar of Cheibriados.
   710 | D        | Found a sacrificial altar of Ru.
   710 | D        | Found a glowing silver altar of Zin.
   710 | D        | Found a shadowy altar of Dithmenos.
   710 | D        | Found a white marble altar of Elyvilon.
   710 | D        | Noticed a yak
   717 | D        | Killed a yak
   717 | D        | Reached *** piety under Trog
   717 | D        | Reached skill level 10 in Fighting
   717 | D        | Reached skill level 13 in Axes
   717 | D        | Reached XP level 7. HP: 66/72 MP: 6/6
   718 | D        | Found an opulent altar of Gozag.
   719 | D        | Found a sparkling altar of Nemelex Xobeh.
   756 | D        | Noticed a centaur warrior
   758 | D        | Noticed a centaur warrior
   769 | D        | Killed a centaur warrior
   769 | D        | Reached skill level 15 in Axes
   769 | D        | Reached XP level 8. HP: 51/82 MP: 7/7
   774 | D        | Killed a centaur warrior
   774 | D        | Reached skill level 16 in Axes
   937 | D        | Killed a gargoyle
   969 | D        | Noticed a deep troll
   976 | D        | Killed a deep troll
   976 | D        | Reached skill level 17 in Axes
   976 | D        | Reached XP level 9. HP: 92/92 MP: 8/8
  1081 | D        | Found Jiothrynue's Armour Emporium.
  1104 | D        | Bought a scroll of remove curse for 36 gold pieces
  1122 | D        | Bought a +3 scale mail of fire resistance for 286 gold pieces
  1147 | D        | Paralysed by a hornet for 2 turns
  1153 | D        | Reached **** piety under Trog
  1348 | D        | Noticed an oklob plant
  1355 | D        | HP: 6/139 [acid (17)]
  1357 | D        | Killed an oklob plant
  1981 | D        | Reached ***** piety under Trog
  1991 | D        | HP: 6/139 [acid (4)]
  1991 | D        | Reached skill level 18 in Axes
  2001 | D        | HP: 3/93 [jelly (2)]
  2001 | D        | Splashed by a jelly's acid

Skill      XL: |  1  2  3  4  5  6  7  8  9 |
---------------+----------------------------+-----
Fighting       | 5 6 8 9 10 11 12 13 | 13.5
Axes           | 6 8 10 12 13 15 17 18 | 18.0
Armour         | 4 5 7 9 11 12 13 | 13.3
Dodging        | 4 |  4.7

Action                   |  1- 3 |  4- 6 |  7- 9 || total
-------------------------+-------+-------+-------++-------
Melee: Hand axe          |     7 |    25 |    57 ||    89
       Headbutt          |     3 |     7 |    14 ||    24
Invok: Berserk           |     2 |       |     5 ||     7
  Use: Scroll            |       |       |     1 ||     1
  Eat: Chunk             |       |     1 |       ||     1
       Bread ration      |       |       |     2 ||     2
Armor: Chain mail        |       |     3 |     8 ||    11
       Scale mail        |       |       |     2 ||     2
Dodge: Dodged            |     2 |     9 |    17 ||    28
